 Dungeon Crawl Stone Soup version 0.28.0-1-gb440e238dd (webtiles) character file.

Game seed: 15626296122001959129

12 hawla the Conjurer (level 2, 0/20 HPs)
             Began as a Draconian Conjurer on Feb 21, 2022.
             Slain by a gnoll (8 damage)
             ... on level 1 of the Dungeon.
             The game lasted 00:01:46 (543 turns).

hawla the Conjurer (Draconian Conjurer)              Turns: 543, Time: 00:01:46

Health: 0/20       AC:  4    Str:  9    XL:     2   Next: 20%
Magic:  1/5        EV: 12    Int: 18    God:
Gold:   0          SH:  0    Dex:  9    Spells: 2/5 levels left

rFire   . . .      SeeInvis .   (no weapon)
rCold   . . .      Faith    .   (no shield)
rNeg    . . .      Spirit   .   (armour unavailable)
rPois   .          Reflect  .   (helmet restricted)
rElec   .          Harm     .   (no cloak)
rCorr   .          Rampage  .   (no gloves)
Will    .....                   (no boots)
Stlth   ++........              (no amulet)
HPRegen 0.06/turn               (no ring)
MPRegen 0.09/turn               (no ring)

@: mighty, attractive
A: AC +4, unfitting armour, cold-blooded
a: no special abilities


You were on level 1 of the Dungeon.
You visited 1 branch of the dungeon, and saw 2 of its levels.

Inventory:

Missiles
 e - 2 poisoned darts
Scrolls
 b - a scroll of immolation {unknown}
 c - a scroll of identify


   Skills:
 + Level 1.8 Dodging
 + Level 1.8 Stealth
 + Level 2.1 Spellcasting
 + Level 4.4 Conjurations


You had 2 spell levels left.
You knew the following spells:

 Your Spells              Type           Power      Damage    Failure   Level
a - Magic Dart            Conj           68%        1d6       3%          1
b - Searing Ray           Conj           34%        2d5       4%          2

Your spell library contained the following spells:

 Spells                   Type           Power      Damage    Failure   Level
 Dazzling Flash           Conj/Hex       18%        N/A       22%         3
 Fulminant Prism          Conj/Hex       4%         3d6       56%         4
 Iskenderun's Mystic Bla  Conj/Tloc      9%         2d4       56%         4


Dungeon Overview and Level Annotations

Branches:
Dungeon (2/15)

Altars:


Innate Abilities, Weirdness & Mutations

Your plain brown scales are hard. (AC +4)
You cannot fit into any form of body armour.
You are cold-blooded and may be slowed by cold attacks.


Message History

Aiming: Searing Ray (safe; 4% risk of failure)
Press: ? - help, Shift-Dir - straight line The searing ray misses the gnoll. (Press . to maintain the ray.)
The gnoll hits you with a +0 club.
The searing ray hits the gnoll!
The gnoll is severely wounded.
The searing ray hits the jackal.
The jackal is moderately wounded.
The gnoll hits you with a +0 club.
The searing ray hits the gnoll.
The gnoll is severely wounded.
The gnoll misses you.
The searing ray misses the gnoll.
The searing ray hits the jackal.
The jackal is almost dead.
You finish channelling your searing ray.
The gnoll closely misses you.
Unknown command.
You hit the gnoll but do no damage.
The gnoll is severely wounded.
The gnoll hits you with a +0 club.
You barely miss the gnoll.
The gnoll is severely wounded.
The gnoll hits you with a +0 club.
As you read the scroll labelled KOLARI WOIWN, it crumbles to dust.
It is a scroll of identify.
a - a potion of might The gnoll barely misses you.
It was a potion of attraction.
You feel attractive to monsters. The gnoll closely misses you.
You feel very mighty all of a sudden. The gnoll misses you.
You closely miss the gnoll.
The gnoll is heavily wounded.
The gnoll misses you.
You barely miss the gnoll.
Your tail-slap misses the gnoll.
The gnoll is heavily wounded.
The gnoll hits you with a +0 club!
You die...

#.##.#>...#...
#.#.........#
.###
#.#.......#.#
.....
#.##.##...#
.....#
#.........#
#..(.
####.###..#
#.. #.#
#.####... ###
#.####........
#
#..@ghh.##....
## #..####.# .
##. #..# ...
#.. #..# .....
#.. #..#
.....# ##.
#... ...### #.
..## .### +#
..#


You could see a gnoll and 2 jackals.

Vanquished Creatures
  A ball python (D:1)
  2 bats (D:1)
  An endoplasm (D:1)
  A giant cockroach (D:2)
  3 hobgoblins (D:1)
  A quokka (D:1)
  A kobold (D:1)
10 creatures vanquished.

Notes
Turn   | Place    | Note
-------+----------+-------------------------------------------
     0 | D:1      | hawla the Draconian Conjurer began the quest for the Orb.
     0 | D:1      | Reached XP level 1. HP: 14/14 MP: 3/3
   318 | D:1      | Reached XP level 2. HP: 20/20 MP: 1/5
   452 | D:1      | You fall into a shaft and drop 1 floor!
   463 | D:2      | Learned a level 2 spell: Searing Ray
   543 | D:1      | Slain by a gnoll

Illustrated notes

Levels and vault maps discovered:
D:1:      onia_arrival_pentagram, layout_basic,
          dreamdust_ecumenical_altar_statues
D:2:      layout_loops_ring

Action                   || total
-------------------------++-------
Melee: Unarmed           ||     9
 Cast: Magic Dart        ||    18
       Searing Ray       ||     1
  Use: Potion            ||     2
       Scroll            ||     1
Armor: Skin              ||     2
Dodge: Dodged            ||     7
